 Dungeon Sprint DCSS version 0.24.0-13-gcf9b319 (webtiles) character file.

Game seed: 15449374277752662230, levelgen mode: deterministic

136174 Fang the Slayer (level 17, -14/199 HPs)
             Began as a Gargoyle Berserker on Nov 18, 2019.
             Was the Champion of Trog.
             Killed from afar by a Tzitzimitl (52 damage)
             ... with a bolt of cold
             ... in the Dungeon (Sprint V: "Ziggurat Sprint").
             The game lasted 00:11:02 (2247 turns).

Fang the Slayer (Gargoyle Berserker)                Turns: 2247, Time: 00:11:02

Health: -14/199    AC: 55    Str: 35    XL:     17   Next: 21%
Magic:  17/17      EV: 15    Int: 15    God:    Trog [******]
Gold:   7          SH: 36    Dex:  9    Spells: 16/16 levels left

rFire    + . .     SeeInvis +   x - +14 obsidian axe {chop, +Fly SInv *Curse} (curse)
rCold    . . .     Gourm    .   E - +18 shield of the Gong {rElec rN+ MR+ EV-5}
rNeg     + + .     Faith    .   b - +15 Maxwell's patent armour {-Cast -Tele rElec MR+ rCorr}
rPois    ∞         Spirit   .   O - +2 hat {SInv}
rElec    +         Reflect  .   (no cloak)
rCorr    +         Harm     +   C - +0 pair of gloves {Str+3}
MR       +++..     NoTele   +   X - +0 pair of boots {run} Stlth ..........NoCast +
                                J - amulet "Vairunwo" {Harm *Drain rF+ Slay+2}
HPRegen  0.43/turn              A - +2 ring of evasion
MPRegen  0.15/turn              I - ring "Axkotoma" {rCorr Int+6 Stlth-}

@: berserking, mesmerised, very quick
A: big wings, negative energy resistance 1, electricity resistance, unbreathing,
petrification resistance, rot immunity, AC +12
a: Fly, Berserk, Trog's Hand, Brothers in Arms, Renounce Religion, Evoke Flight


You were in the Dungeon.
You worshipped Trog.
Trog was exalted by your worship.
You were very hungry.

You visited 1 branch You collected 7 gold pieces.

Inventory:

Hand Weapons
 a - a +9 vampiric broad axe
 x - the cursed +14 obsidian axe (weapon) {chop, +Fly SInv *Curse}
   (You found it in the Dungeon)

   It inflicts extra damage upon your enemies.
   It lets you see invisible.
   It lets you fly.
   It curses itself when equipped.
   It has a curse placed upon it.
 B - a +9 broad axe of flaming
 D - a +2 antimagic broad axe
 K - the +6 broad axe "Ceudd" {chop, -Tele Int+2 Dex+6}
   (You found it in the Dungeon)

   It inflicts extra damage upon your enemies.
   It affects your intelligence (+2).
   It affects your dexterity (+6).
   It prevents most forms of teleportation.
 M - the +7 war axe of the Hummingbird {chaos, rElec rN+}
   (You took it off a vault guard in the Dungeon)

   Each time it hits an enemy it has a different, random effect.
   It insulates you from electricity.
   It protects you from negative energy.
 Q - a +4 antimagic broad axe
 W - a +2 broad axe of freezing
Armour
 b - the +15 Maxwell's patent armour (worn) {-Cast -Tele rElec MR+ rCorr}
   (You found it in the Dungeon)

   It insulates you from electricity.
   It affects your resistance to hostile enchantments.
   It prevents spellcasting.
   It prevents most forms of teleportation.
   It provides partial protection from all sources of acid and corrosion.
 C - a +0 pair of gloves of strength (worn)
 E - the +18 shield of the Gong (worn) {rElec rN+ MR+ EV-5}
   (You found it in the Dungeon)

   It affects your evasion (-5).
   It insulates you from electricity.
   It protects you from negative energy.
   It affects your resistance to hostile enchantments.
 O - a +2 hat of see invisible (worn)
 X - a +0 pair of boots of running (worn)
Jewellery
 y - the ring of the Monkey's Uncle {rElec Int+2 Stlth-}
   (You found it in the Dungeon)

   [ring of attention]

   It affects your intelligence (+2).
   It insulates you from electricity.
   It makes you less stealthy.
 A - a +2 ring of evasion (left hand)
 F - the ring "Qesopn" {rF+ rN+ MP+9 Int+3}
   (You found it in the Dungeon)

   [ring of magical power]

   It affects your intelligence (+3).
   It protects you from fire.
   It protects you from negative energy.
   It affects your magic capacity (+9).
 G - the ring "Akhliwku" {Wiz -Tele rF+ Str+2}
   (You found it in the Dungeon)

   [ring of wizardry]

   It improves your spell success rate.
   It affects your strength (+2).
   It protects you from fire.
   It prevents most forms of teleportation.
 H - an uncursed ring of positive energy
 I - the ring "Axkotoma" (right hand) {rCorr Int+6 Stlth-}
   (You found it in the Dungeon)

   [ring of resist corrosion]

   It affects your intelligence (+6).
   It provides partial protection from all sources of acid and corrosion.
   It makes you less stealthy.
 J - the amulet "Vairunwo" (around neck) {Harm *Drain rF+ Slay+2}
   (You found it in the Dungeon)

   [amulet of harm]

   It increases damage dealt and taken.
   It affects your accuracy and damage with ranged weapons and melee attacks
   (+2).
   It protects you from fire.
   It causes draining when unequipped.
 L - an uncursed ring of magical power
 S - an uncursed amulet of regeneration
 Y - a +2 amulet of reflection
Wands
 u - a wand of disintegration (7)
 v - a wand of iceblast (12)
 w - a wand of acid (7)
Scrolls
 i - 4 scrolls of blinking
 j - 7 scrolls of fog
 k - a scroll of holy word
 l - 4 scrolls of identify
 m - 4 scrolls of remove curse
 n - 2 scrolls of fear
 z - 3 scrolls of brand weapon
 T - 3 scrolls of enchant weapon
Potions
 d - 11 potions of curing
 e - 15 potions of heal wounds
 f - 10 potions of haste
 g - 7 potions of magic
 h - 3 potions of berserk rage
 o - 3 potions of brilliance
 p - 2 potions of invisibility
 q - 4 potions of resistance
 r - a potion of experience
 s - 6 potions of agility
 t - 5 potions of might
 P - a potion of cancellation {unknown}
Comestibles
 c - 6 rations
 R - 26 chunks of flesh


   Skills:
 + Level 24.4 Fighting
 + Level 21.3 Axes
 + Level 24.3 Armour
 + Level 19.8 Dodging
 + Level 23.5 Shields


You had 16 spell levels left.
You didn't know any spells.
Your spell library was empty.

Dungeon Overview and Level Annotations

Branches:
Dungeon (1/1)

Altars:
Ashenzari
Cheibriados
Dithmenos
Elyvilon
Fedhas
Gozag
Hepliaklqana
Kikubaaqudgha
Makhleb
Nemelex Xobeh
Okawaru
Qazlal
Ru
Sif Muna
Trog
Uskayaw
Vehumet
Wu Jian
Xom
Yredelemnul
Zin
The Shining One
Beogh
Jiyva
Lugonu


Innate Abilities, Weirdness & Mutations

You are resistant to torment.
Your stone body is resilient. (AC +12)
You are immune to poison.
Your large and strong wings let you fly indefinitely.
You resist negative energy. (rN+)
You are resistant to electric shocks. (rElec)
You can survive without breathing.
You are immune to petrification.
You are immune to rotting.


Message History

GONNNNG!
You block the ghoul's attack.
PANG!
The ghoul claws you but does no damage.
Unknown command.
You barely miss the Tzitzimitl.
The Tzitzimitl is moderately wounded.
You miss the Tzitzimitl. You slash the ghoul!
You are no longer entranced.
You feel the power of Trog in you as your rage grows.
You destroy the ghoul!
Trog accepts your kill. Something appears at your feet!
Trog grants you a weapon!
Your life force feels restored.
Visions of slaying the Tzitzimitl flood into your mind.
Your neqoxec gestures.
The Tzitzimitl gestures at you. The bolt of cold hits you!!!
You die... ||)|:=))"[?|)}} )})=::})[):|:)|

......Z4.......
...ZZ3ZZ3..3...
...3.D3sZ2nZ...
....ZZD13nZ....
....DZ.314n....
.....33@1l.....
.....4.55......
......§4.......
...▓.......▓...
..▓.▓.....▓.▓..
...▓.......▓...
...............
...............
.......©.......


You could see 2 ghouls, 3 shadow dragons, 3 Tzitzimimeh, 7 soul eaters, a shadow
demon, 2 orange demons, a hellwing, a smoke demon, a necrophage, a ball python
zombie, 2 quokka zombies, a jackal zombie, a giant cockroach zombie, a giant
cockroach, a frilled lizard, 5 adder skeletons, a quokka skeleton, a friendly
rust devil, a friendly neqoxec, a friendly white imp and a friendly ufetubus.

Vanquished Creatures
  An ancient lich (D)
  4 liches (D)
  A deep elf blademaster (D)
  4 acid blobs (D)
  3 thorn hunters (D)
  5 shadow dragons (D)
  Kirke (D)
  5 azure jellies (D)
  Donald (D)
  2 deep elf sorcerers (D)
  3 ghouls (D)
  2 stone giants (D)
  5 vampire knights (D)
  A dire elephant (D)
  An apis (D)
  2 deep elf annihilators (D)
  Snorg (D)
  3 merfolk javelineers (D)
  7 death oozes (D)
  A merfolk impaler (D)
  Erolcha (D)
  A yaktaur captain (D)
  2 deep elf high priests (D)
  16 vault guards (D)
  2 anacondas (D)
  2 spriggan air magi (D)
  3 hydras (D)
  A shambling mangrove (D)
  A merfolk avatar (D)
  3 dancing weapons (D)
  A catoblepas (D)
  A satyr (D)
  2 vampire magi (D)
  3 spriggan berserkers (D)
  A deep elf knight (D)
  4 soul eaters (D)
  Nergalle (D)
  2 skeletal warriors (D)
  3 spriggan druids (D)
  A shadow demon (D)
  A glowing orange brain (D)
  2 sea snakes (D)
  10 deep elf magi (D)
  3 necromancers (D)
  A shining eye (D)
  A cyclops (shapeshifter) (D)
  A wolf spider (D)
  2 manticores (D)
  Maurice (D)
  Joseph (D)
  An eye of devastation (D)
  2 black mambas (D)
  2 elephants (D)
  5 spiny frogs (D)
  3 yaktaurs (D)
  2 komodo dragons (D)
  3 merfolk (D)
  A polar bear (D)
  3 hornets (D)
  3 wind drakes (D)
  11 slime creatures (D)
  A blink frog (D)
  2 hippogriffs (D)
  A redback (D)
  5 shadows (D)
  A vampire (D)
  A wyvern (D)
  A yak (D)
  A golden eye (D)
  A basilisk (D)
  4 fire elementals (D)
  Grum (D)
  Menkaure (D)
  Duvessa (D)
  4 water moccasins (D)
  A hell hound (D)
  4 floating eyes (D)
  2 eyes of draining (D)
  Purgy (D)
  A wolf (D)
  7 necrophages (D)
  3 centaurs (D)
  7 crocodiles (D)
  3 earth elementals (D)
  5 wights (D)
  7 jellies (D)
  Ijyb (D)
  A shadow imp (D)
  A white imp (D)
  5 oozes (D)
  A spectral adder (D)
  5 adder zombies (D)
  7 adder skeletons (D)
  An orc (D)
  A spectral bat (D)
  6 bat skeletons (D)
  5 bat zombies (D)
  2 giant cockroach zombies (D)
  A jackal skeleton (D)
  A jackal zombie (D)
  A leopard gecko skeleton (D)
  2 leopard gecko zombies (D)
  A quokka skeleton (D)
  3 briar patches (D)
274 creatures vanquished.

Vanquished Creatures (collateral kills)
  A thorn hunter (D)
  An azure jelly (D)
  An apis (D)
  A deep elf annihilator (D)
  A merfolk javelineer (D)
  A death ooze (D)
  2 vault guards (D)
  A great orb of eyes (D)
  A satyr (D)
  3 soul eaters (D)
  A necromancer (D)
  An oklob plant (D)
  4 deep elf magi (D)
  A slime creature (D)
  A cyclops (D)
  A manticore (D)
  A black mamba (D)
  A merfolk siren (D)
  An eye of devastation (D)
  A spiny frog (D)
  2 merfolk (D)
  A hornet (D)
  A hippogriff (D)
  A dream sheep (D)
  A snapping turtle (D)
  A vampire (D)
  A spriggan (D)
  2 water elementals (D)
  2 shadows (D)
  A yak (D)
  A golden eye (D)
  A floating eye (D)
  A necrophage (D)
  An eye of draining (D)
  A wolf (D)
  An orc wizard (D)
  2 oozes (D)
  2 adder zombies (D)
  An adder skeleton (D)
  2 bat zombies (D)
  A ball python skeleton (D)
  A jackal zombie (D)
54 creatures vanquished.

Vanquished Creatures (others)
  A merfolk javelineer (D)
  A merfolk (D)
  A jelly (D)
  A bat skeleton (D)
  9 briar patches (D)
13 creatures vanquished.

Grand Total: 341 creatures vanquished

Notes
Turn   | Place    | Note
-------+----------+-------------------------------------------
     0 | D        | Fang the Gargoyle Berserker began the quest for the Orb.
     0 | D        | Reached XP level 1. HP: 14/14 MP: 1/1
     1 | D        | Found a blossoming altar of Fedhas.
     2 | D        | Found the +6 Majin-Bo {vamp, Archmagi MP+6 Int+6}
     2 | D        | Found the +7 great mace "Firestarter" {inner flame, rF++}
     3 | D        | Found a viscous altar of Jiyva.
     3 | D        | Found a hazy altar of Hepliaklqana.
     3 | D        | Found a transporter.
     3 | D        | Found an opulent altar of Gozag.
     3 | D        | Found an ancient bone altar of Kikubaaqudgha.
     3 | D        | Found a corrupted altar of Lugonu.
    15 | D        | Found a burning altar of Makhleb.
    17 | D        | Found a stormy altar of Qazlal.
    17 | D        | Found an iron altar of Okawaru.
    17 | D        | Found a sacrificial altar of Ru.
    17 | D        | Found a sparkling altar of Nemelex Xobeh.
    17 | D        | Found a shimmering blue altar of Sif Muna.
    17 | D        | Found a bloodstained altar of Trog.
    24 | D        | Found the +9 heavy crossbow "Sniper" {velocity, Acc+∞ SInv}
    24 | D        | Found the +10 dark maul {crush}
    24 | D        | Found the +15 Maxwell's patent armour {-Cast -Tele rElec
                  | MR+ rCorr}
    24 | D        | Found the +18 shield of the Gong {rElec rN+ MR+ EV-5}
    24 | D        | Found the cursed +14 obsidian axe {chop, +Fly SInv *Curse}
    75 | D        | Entered arena 2.
    75 | D        | Noticed an orc wizard
    75 | D        | Found a transporter.
    80 | D        | Killed an orc wizard
    80 | D        | Reached ** piety under Trog
    80 | D        | Reached XP level 2. HP: 20/20 MP: 2/2
    88 | D        | Entered arena 3.
    88 | D        | Noticed a hell hound
    88 | D        | Found a transporter.
    89 | D        | Killed a hell hound
    89 | D        | Reached skill level 5 in Axes
    89 | D        | Reached skill level 5 in Armour
    89 | D        | Reached XP level 3. HP: 27/27 MP: 3/3
    89 | D        | Reached XP level 4. HP: 32/32 MP: 4/4
    89 | D        | Reached XP level 5. HP: 36/36 MP: 5/5
    93 | D        | Reached *** piety under Trog
   101 | D        | Entered arena 4.
   101 | D        | Noticed a floating eye
   101 | D        | Found a transporter.
   103 | D        | Reached skill level 5 in Dodging
   105 | D        | Killed a floating eye
   105 | D        | Reached **** piety under Trog
   105 | D        | Reached XP level 6. HP: 44/44 MP: 6/6
   112 | D        | Entered arena 5.
   112 | D        | Noticed a fire elemental
   112 | D        | Noticed a deep elf mage
   112 | D        | Noticed a deep elf mage
   112 | D        | Noticed a cyclops
   112 | D        | Found a transporter.
   115 | D        | Killed a fire elemental
   115 | D        | Reached XP level 7. HP: 39/50 MP: 7/7
   116 | D        | Killed a cyclops
   118 | D        | Killed a deep elf mage
   118 | D        | Reached skill level 10 in Fighting
   118 | D        | Reached skill level 10 in Armour
   118 | D        | Reached XP level 8. HP: 24/58 MP: 8/8
   120 | D        | Killed a deep elf mage
   120 | D        | Reached ***** piety under Trog
   316 | D        | Entered arena 6.
   316 | D        | Noticed a slime creature
   316 | D        | Found a transporter.
   318 | D        | Received a gift from Trog
   320 | D        | Reached XP level 9. HP: 60/64 MP: 9/9
   331 | D        | Entered arena 7.
   331 | D        | Noticed a merfolk
   331 | D        | Noticed a cyclops
   332 | D        | Found a transporter.
   337 | D        | Killed a cyclops
   337 | D        | Reached skill level 10 in Axes
   339 | D        | Killed a merfolk
   350 | D        | Entered arena 8.
   350 | D        | Noticed a deep elf mage
   350 | D        | Noticed a deep elf mage
   350 | D        | Noticed a deep elf mage
   350 | D        | Noticed a +1 scimitar of electrocution
   351 | D        | Identified the +6 spear of Vijam {speed, rC+}
   351 | D        | Found a transporter.
   352 | D        | Killed a +1 scimitar of electrocution
   353 | D        | Reached XP level 10. HP: 71/72 MP: 10/10
   354 | D        | Reached ****** piety under Trog
   356 | D        | Killed a deep elf mage
   356 | D        | Received a gift from Trog
   356 | D        | Reached skill level 10 in Dodging
   358 | D        | Killed a deep elf mage
   360 | D        | Killed a deep elf mage
   365 | D        | Got the amulet "Uwiutat" {Inacc *Contam *Slow rF+++ Dex+6}
   377 | D        | Entered arena 9.
   377 | D        | Noticed an eye of devastation
   378 | D        | Found a transporter.
   380 | D        | Received a gift from Trog
   380 | D        | Paralysed by a floating eye for 3 turns
   383 | D        | Reached skill level 1 in Shields
   385 | D        | Killed an eye of devastation
   400 | D        | Entered arena 10.
   401 | D        | Found a transporter.
   404 | D        | Received a gift from Trog
   416 | D        | Got the ring "Axkotoma" {rCorr Int+6 Stlth-}
   420 | D        | Entered arena 11.
   421 | D        | Found a transporter.
   425 | D        | Received a gift from Trog
   435 | D        | Entered arena 12.
   435 | D        | Noticed a thorn hunter
   435 | D        | Noticed a spriggan air mage
   435 | D        | Noticed a spriggan druid
   435 | D        | Noticed a thorn hunter
   435 | D        | Noticed an anaconda
   435 | D        | Noticed an anaconda
   436 | D        | Noticed a spriggan berserker
   436 | D        | Noticed a spriggan rider
   437 | D        | Found a transporter.
   443 | D        | Killed an anaconda
   444 | D        | Killed an anaconda
   444 | D        | Reached skill level 5 in Shields
   444 | D        | Reached XP level 11. HP: 69/80 MP: 11/11
   444 | D        | Killed a spriggan druid
   444 | D        | Received a gift from Trog
   446 | D        | Killed a thorn hunter
   447 | D        | Killed a spriggan air mage
   449 | D        | Killed a thorn hunter
   449 | D        | Received a gift from Trog
   452 | D        | Killed a spriggan berserker
   452 | D        | Reached skill level 15 in Fighting
   459 | D        | Reached skill level 15 in Armour
   596 | D        | Entered arena 13.
   596 | D        | Noticed a deep elf blademaster
   596 | D        | Noticed a deep elf knight
   596 | D        | Noticed a deep elf mage
   596 | D        | Noticed a deep elf sorcerer
   596 | D        | Noticed a deep elf mage
   596 | D        | Noticed a deep elf annihilator
   596 | D        | Noticed a deep elf mage
   596 | D        | Noticed a deep elf mage
   597 | D        | Noticed a deep elf high priest
   597 | D        | Noticed a deep elf sorcerer
   597 | D        | Noticed a deep elf annihilator
   599 | D        | Found a transporter.
   602 | D        | Killed a deep elf mage
   602 | D        | Received a gift from Trog
   603 | D        | Killed a deep elf blademaster
   603 | D        | Reached XP level 12. HP: 88/88 MP: 12/12
   605 | D        | Killed a deep elf sorcerer
   607 | D        | Killed a deep elf sorcerer
   607 | D        | Received a gift from Trog
   607 | D        | Reached skill level 10 in Shields
   610 | D        | Killed a deep elf knight
   611 | D        | Killed a deep elf annihilator
   612 | D        | Killed a deep elf high priest
   614 | D        | Received a gift from Trog
   616 | D        | Killed a deep elf annihilator
   718 | D        | Entered arena 14.
   719 | D        | Noticed Grum
   719 | D        | Noticed Joseph
   719 | D        | Noticed Erolcha
   719 | D        | Noticed Snorg
   719 | D        | Noticed Donald
   719 | D        | Noticed Menkaure
   719 | D        | Noticed Maurice
   719 | D        | Noticed Purgy
   719 | D        | Noticed Duvessa
   720 | D        | Noticed Nergalle
   720 | D        | Noticed Ijyb
   720 | D        | Noticed Kirke
   722 | D        | Found a transporter.
   726 | D        | Killed Duvessa
   727 | D        | Killed Menkaure
   727 | D        | Received a gift from Trog
   728 | D        | Killed Snorg
   731 | D        | Killed Grum
   734 | D        | Killed Kirke
   734 | D        | Reached XP level 13. HP: 95/95 MP: 13/13
   734 | D        | Killed Maurice
   734 | D        | Received a gift from Trog
   737 | D        | Killed Donald
   737 | D        | Killed Joseph
   737 | D        | Killed Purgy
   738 | D        | Killed Nergalle
   739 | D        | Killed Erolcha
   739 | D        | Received a gift from Trog
   741 | D        | Killed Ijyb
   812 | D        | Entered arena 15.
   812 | D        | Identified the cursed +0 morningstar of the Gnat {flame,
                  | rC+ Str-2 SInv}
   816 | D        | Received a gift from Trog
   816 | D        | Reached skill level 15 in Axes
   820 | D        | Received a gift from Trog
   827 | D        | Found a transporter.
   827 | D        | Received a gift from Trog
   860 | D        | Entered arena 16.
   861 | D        | Noticed a deep elf annihilator
   861 | D        | Noticed a deep elf high priest
   863 | D        | Found a transporter.
   871 | D        | Received a gift from Trog
   873 | D        | Killed a deep elf high priest
   875 | D        | Received a gift from Trog
   884 | D        | Killed a deep elf annihilator
   988 | D        | Entered arena 17.
   991 | D        | Noticed an apis
   991 | D        | Noticed a dire elephant
   991 | D        | Noticed a thorn hunter
   992 | D        | Noticed an apis
   992 | D        | Noticed a thorn hunter
   993 | D        | Found the +12 glaive of Prune {chop}
   993 | D        | Found a transporter.
   997 | D        | Killed a dire elephant
  1000 | D        | Received a gift from Trog
  1001 | D        | Killed an apis
  1006 | D        | Received a gift from Trog
  1006 | D        | Killed a thorn hunter
  1006 | D        | Gained mutation: Your large and strong wings let you fly
                  | indefinitely. [Gargoyle growth]
  1006 | D        | Reached XP level 14. HP: 104/104 MP: 14/14
  1014 | D        | Killed an apis
  1016 | D        | Killed a thorn hunter
  1016 | D        | Reached skill level 15 in Dodging
  1020 | D        | Received a gift from Trog
  1067 | D        | Entered arena 18.
  1132 | D        | Found a transporter.
  1132 | D        | Paralysed by a floating eye for 3 turns
  1136 | D        | Reached skill level 15 in Shields
  1136 | D        | Received a gift from Trog
  1141 | D        | Paralysed by a floating eye for 2 turns
  1142 | D        | Received a gift from Trog
  1444 | D        | Entered arena 19.
  1448 | D        | Noticed a shadow dragon
  1448 | D        | Noticed a ghoul
  1453 | D        | Received a gift from Trog
  1459 | D        | Received a gift from Trog
  1463 | D        | Received a gift from Trog
  1466 | D        | Killed a shadow dragon
  1467 | D        | Killed a ghoul
  1478 | D        | Found a transporter.
  1508 | D        | Entered arena 20.
  1518 | D        | Identified the +6 swamp dragon scales "Wuneaph" {rPois
                  | Stlth+}
  1519 | D        | Found the +5 robe of Night {Dark MR+ SInv}
  1525 | D        | Received a gift from Trog
  1531 | D        | Found a transporter.
  1540 | D        | Received a gift from Trog
  1548 | D        | Received a gift from Trog
  1559 | D        | Received a gift from Trog
  1559 | D        | Reached XP level 15. HP: 64/112 MP: 15/15
  1570 | D        | Got the ring of the Monkey's Uncle {rElec Int+2 Stlth-}
  1613 | D        | Got the ring "Qesopn" {rF+ rN+ MP+9 Int+3}
  1732 | D        | Entered arena 21.
  1732 | D        | Identified the +7 long sword of the Tundras {venom, rPois
                  | rC+}
  1732 | D        | Identified the +6 spear "Sepietat" {distort, +Fly MR+}
  1737 | D        | Received a gift from Trog
  1738 | D        | Found the +8 mithril axe "Arga" {speed, MR+}
  1738 | D        | Noticed a lich
  1740 | D        | Identified the +7 dire flail of Cheibriados's Regard
                  | {drain, rElec Str+3}
  1742 | D        | Noticed a lich
  1743 | D        | Noticed a ghoul
  1743 | D        | Noticed an ancient lich
  1746 | D        | Received a gift from Trog
  1761 | D        | Received a gift from Trog
  1762 | D        | Killed a ghoul
  1766 | D        | Killed a lich
  1766 | D        | Received a gift from Trog
  1768 | D        | Killed a lich
  1770 | D        | Received a gift from Trog
  1777 | D        | Killed an ancient lich
  1798 | D        | Found a transporter.
  1819 | D        | Got the +6 broad axe "Ceudd" {chop, -Tele Int+2 Dex+6}
  1824 | D        | Entered arena 22.
  1828 | D        | Noticed a lich
  1828 | D        | Noticed a shadow dragon
  1829 | D        | Identified the +9 halberd of Generosity {chop, Stlth+}
  1829 | D        | Noticed a lich
  1829 | D        | Identified the +7 war axe of the Hummingbird {chaos, rElec
                  | rN+}
  1831 | D        | Noticed a shadow dragon
  1831 | D        | Noticed a shadow dragon
  1831 | D        | Identified the +3 short sword of the Spectre {flame, rC+
                  | Str+4}
  1839 | D        | Received a gift from Trog
  1844 | D        | Killed a lich
  1847 | D        | Received a gift from Trog
  1852 | D        | Killed a shadow dragon
  1852 | D        | Reached XP level 16. HP: 123/123 MP: 16/16
  1858 | D        | Received a gift from Trog
  1859 | D        | Killed a lich
  1860 | D        | Found a transporter.
  1866 | D        | Killed a shadow dragon
  1868 | D        | Killed a shadow dragon
  1868 | D        | Received a gift from Trog
  1937 | D        | Identified a +0 pair of boots of running (You found it in
                  | the Dungeon)
  1941 | D        | Entered arena 23.
  1947 | D        | Noticed an azure jelly
  1948 | D        | Found the +5 scythe "Finisher" {speed, eviscerate}
  1948 | D        | Noticed an acid blob
  1948 | D        | Noticed an azure jelly
  1948 | D        | Noticed an azure jelly
  1948 | D        | Noticed an azure jelly
  1949 | D        | Noticed an azure jelly
  1949 | D        | Noticed an acid blob
  1949 | D        | Noticed an acid blob
  1949 | D        | Noticed an acid blob
  1949 | D        | Noticed an azure jelly
  1956 | D        | Killed an azure jelly
  1956 | D        | Received a gift from Trog
  1958 | D        | Killed an azure jelly
  1962 | D        | Killed an acid blob
  1963 | D        | Killed an acid blob
  1963 | D        | Received a gift from Trog
  1967 | D        | Killed an azure jelly
  1968 | D        | Killed an azure jelly
  1969 | D        | Killed an acid blob
  1969 | D        | Received a gift from Trog
  1972 | D        | Killed an azure jelly
  1974 | D        | Killed an acid blob
  1975 | D        | Killed an azure jelly
  1976 | D        | Received a gift from Trog
  1978 | D        | Found a transporter.
  1993 | D        | Got the amulet "Vairunwo" {Harm *Drain rF+ Slay+2}
  2048 | D        | Entered arena 24.
  2057 | D        | Found the +8 demon trident "Rift" {distort, reach+}
  2060 | D        | Received a gift from Trog
  2066 | D        | Received a gift from Trog
  2067 | D        | Reached XP level 17. HP: 132/132 MP: 10/17
  2073 | D        | Received a gift from Trog
  2078 | D        | Received a gift from Trog
  2086 | D        | Found a transporter.
  2088 | D        | Received a gift from Trog
  2090 | D        | Found the +7 pair of quick blades "Gyre" and "Gimble"
                  | {protect}
  2152 | D        | Got the ring "Akhliwku" {Wiz -Tele rF+ Str+2}
  2220 | D        | Entered arena 25.
  2227 | D        | Noticed a Tzitzimitl
  2228 | D        | Noticed a Tzitzimitl
  2228 | D        | Noticed a Tzitzimitl
  2240 | D        | Received a gift from Trog
  2247 | D        | Received a gift from Trog
  2247 | D        | Killed from afar by a Tzitzimitl

Levels and vault maps discovered:
D:        sprint_v [room_start, room_1, room_2, room_3, room_4, room_5, room_6,
          room_7, room_8, room_9, room_10, room_11, room_12, room_13, room_14,
          room_15, room_16, room_17, room_18, room_19, room_20, room_21,
          room_22, room_23, room_24, room_25, room_26, room_27]

Skill      XL: |  1  2  3  4  5  6  7  8  9 10 11 12 13 14 15 16 17 |
---------------+----------------------------------------------------+-----
Fighting       | 4 6 7 8 10 11 12 14 15 16 18 20 22 24 | 24.4
Axes           | 3 5 6 7 8 9 10 12 13 14 16 17 19 20 21 | 21.3
Armour         | 3 5 7 8 10 12 13 15 16 18 20 22 23 24 | 24.3
Dodging        | 2 4 5 6 7 8 9 11 12 13 14 16 17 19 | 19.8
Shields        | 5 9 11 14 16 19 23 | 23.5

Action                   |  1- 3 |  4- 6 |  7- 9 | 10-12 | 13-15 | 16-18 || total
-------------------------+-------+-------+-------+-------+-------+-------++-------
Melee: Broad axe         |     5 |     8 |    17 |    66 |   195 |   103 ||   394
Invok: Berserk           |       |       |       |     3 |     6 |     3 ||    12
  Use: Scroll            |       |       |       |     3 |     2 |    10 ||    15
 Stab: Distracted        |       |       |       |       |     1 |       ||     1
       Petrified         |       |       |       |       |       |     3 ||     3
       Petrifying        |       |       |       |       |       |     1 ||     1
  Eat: Chunk             |       |       |       |     1 |     7 |     3 ||    11
       Ration            |       |       |       |       |     1 |       ||     1
Armor: Plate armour      |       |     5 |     9 |    44 |    86 |    31 ||   175
Dodge: Dodged            |       |       |     3 |    10 |    56 |    21 ||    90
Block: Shield            |     5 |     6 |    22 |    93 |   246 |   122 ||   494
